 Dungeon Crawl Stone Soup version 0.28-a0-1241-gf280a0fbb2 (webtiles) character file.

Game seed: 15093904620408542840

16 ChaosChampion the Insei (level 2, -5/18 HPs)
             Began as an Octopode Transmuter on Dec 26, 2021.
             Slain by a gnoll (6 damage)
             ... on level 1 of the Dungeon.
             The game lasted 00:00:48 (597 turns).

ChaosChampion the Insei (Octopode Transmuter)        Turns: 597, Time: 00:00:49

Health: -5/18      AC:  1    Str:  9    XL:     2   Next: 58%
Magic:  3/5        EV: 13    Int: 15    God:
Gold:   0          SH:  0    Dex: 12    Spells: 2/5 levels left

rFire   . . .      SeeInvis .     - Unarmed
rCold   . . .      Faith    .   (no shield)
rNeg    . . .      Spirit   .   (helmet restricted)
rPois   .          Reflect  .   (no amulet)
rElec   .          Harm     .   (no ring)
rCorr   .          Rampage  .   (no ring)
Will    .....                   (no ring)
Stlth   ++........              (no ring)
HPRegen 0.06/turn               (no ring)
MPRegen 0.09/turn               (no ring)
                                (no ring)
                                (no ring)

@: wereblooded (expiring)
A: almost no armour, amphibious, 8 rings, camouflage 1, gelatinous body 1,
(nimble swimmer 1), tentacles
a: no special abilities


You were on level 1 of the Dungeon.
You visited 1 branch of the dungeon, and saw 2 of its levels.

Inventory:

Scrolls
 a - a scroll of vulnerability {unknown}


   Skills:
 - Level 1.0 Fighting
 - Level 2.0 Dodging
 * Level 3.6 Unarmed Combat
 - Level 2.0 Spellcasting
 + Level 2.3 Transmutations


You had 2 spell levels left.
You knew the following spells:

 Your Spells              Type           Power      Damage    Failure   Level
a - Beastly Appendage     Tmut           16%        N/A       9%          1
b - Wereblood             Tmut           8%         N/A       13%         2

Your spell library contained the following spells:

 Spells                   Type           Power      Damage    Failure   Level
 Spider Form              Tmut/Pois      5%         N/A       38%         3
 Ice Form                 Ice/Tmut       5%         N/A       80%         4


Dungeon Overview and Level Annotations

Branches:
Dungeon (2/15)

Altars:


Innate Abilities, Weirdness & Mutations

You cannot wear most types of armour.
You are amphibious.
You can wear up to eight rings at the same time.
Your skin changes colour to match your surroundings (Stealth+).
Your rubbery body absorbs attacks. (AC +1, EV +1)
((You are camouflaged when in or above water. (Stealth+)))
You have tentacles for arms and can constrict up to eight enemies at once.


Message History

You squeeze the quokka, but do no damage.
You howl as the wereblood boils in your veins!
The quokka misses you.
You closely miss the quokka. Your grab misses the quokka.
You pierce the quokka.
You feel a bit better.
You kill the quokka!
There is a stone staircase leading up here.
You climb upwards.
You howl as the wereblood boils in your veins!
Your tentacle spike disappears.
The ball python bites you. The ball python barely misses you.
The hobgoblin barely misses you. x2; The ball python closely misses you.
The ball python completely misses you.
There is a stone staircase leading down here.
You bludgeon the hobgoblin!
You feel a bit better.
You kill the hobgoblin!
The ball python bites you. The ball python barely misses you.
You tentacle-slap the gnoll. Your grab misses the gnoll.
Your squeeze misses the gnoll.
The gnoll is moderately wounded.
The gnoll hits you with a +0 flail!
Ouch! That really hurt!
* * * LOW HITPOINT WARNING * * *
The ball python bites you but does no damage.
The ball python barely misses you.
You tentacle-slap the gnoll. Your grab misses the gnoll.
The gnoll is moderately wounded.
Your primal bloodlust is almost over.
The ball python misses you. The ball python barely misses you.
The gnoll barely misses you.
You tentacle-slap the gnoll. You grab the gnoll.
The gnoll is severely wounded.
You constrict the gnoll, but do no damage.
The ball python closely misses you. x2; The gnoll completely misses you.
You tentacle-slap the gnoll but do no damage.
The gnoll is severely wounded.
You constrict the gnoll. The ball python bites you.
* * * LOW HITPOINT WARNING * * *
The ball python barely misses you. The gnoll hits you with a +0 flail.
You die...

#...#####.#..# #.....#
#..# #...#
.##..#########.#####..##
##+## .
#..##........>.......# .
#..##..........#####.#
#..#............####.##
#[.#...................
#..#..^.........#g.....
#..#...........##.##g#.
#..#..@........##.##.#.
#....gS..###...##.#..S.
##.#.#.........##.#...#
#.#.#######..###..###.
#.#..## #..# #[.....
#.#.#.## #..# #......
#.g###.# ##.# #.#...#
##### #.#.#.## #.#
#...... ##...###....##
#.# ###..##


You could see a gnoll and a ball python.

Vanquished Creatures
  A dart slug (D:1)
  A ball python (D:1)
  4 endoplasms
  A giant cockroach (D:1)
  A hobgoblin (D:1)
  2 quokkas
  A bat (D:1)
  A frilled lizard (D:1)
12 creatures vanquished.

Notes
Turn   | Place    | Note
-------+----------+-------------------------------------------
     0 | D:1      | ChaosChampion the Octopode Transmuter began the quest for
                  | the Orb.
     0 | D:1      | Reached XP level 1. HP: 13/13 MP: 3/3
   219 | D:1      | Reached XP level 2. HP: 12/18 MP: 5/5
   576 | D:2      | Learned a level 2 spell: Wereblood
   597 | D:1      | Slain by a gnoll

Illustrated notes

Levels and vault maps discovered:
D:1:      dpeg_arrival_yet_another_circle, layout_loops_ring
D:2:      layout_loops_ring, ebering_ecumenical_altar_sacrificial

Action                   || total
-------------------------++-------
Melee: Unarmed           ||    31
       Constrict         ||     5
       Tentacles         ||     4
       Punch             ||     1
       Kick              ||     3
 Cast: Beastly Appendage ||     3
       Wereblood         ||     1
 Stab: Sleeping          ||     3
Armor: Skin              ||     2
Dodge: Dodged            ||    29

Table legend: (Time is in decaauts)
 A = Elapsed time spent in this place.
 B = Non-inter-level travel time spent in this place.
 C = Inter-level travel time spent in this place.
 D = Time resting spent in this place.
 E = Time spent auto-exploring this place.
 F = Levels seen in this place.
 G = Mean time per level.
                   A        B        C        D        E       F      G
               +--------+--------+--------+--------+--------+-----+--------+
         Total |    595 |    595 |      0 |      0 |    418 |   2 |  297.5 |
       Dungeon |    595 |    595 |      0 |      0 |    418 |   2 |  297.5 |
               +--------+--------+--------+--------+--------+-----+--------+

Top non-repeatable levels by time:
     D:1: 575 daAuts
     D:2: 19 daAuts
